 Dungeon Crawl Stone Soup version 0.31.0-32-g396128a36d (webtiles) character file.

Game seed: 10376907851948234778

455 trashops the Chopper (level 7, 0/54 HPs)
             Began as a Hill Orc Fighter on Apr 11, 2024.
             Slain by Sigmund
             ... wielding a +0 scythe
              (10 damage)
             ... on level 5 of the Dungeon.
             The game lasted 00:06:11 (3180 turns).

trashops the Chopper (Hill Orc Fighter)             Turns: 3180, Time: 00:06:12

Health: 0/54       AC:  7    Str: 20      XL:     7   Next: 5%
Magic:  7/7        EV:  9    Int:  7      God:
Gold:   220        SH:  5    Dex: 12 (14) Spells: 6/6 levels left

rFire   . . .        a - +1 war axe
rCold   + . .        c - +0 buckler
rNeg    . . .        b - +0 scale mail
rPois   +            (no helmet)
rElec   .            (no cloak)
rCorr   +            (no gloves)
SInv    .            (no boots)
Will    .....        k - amulet "Akhucw" {Faith rC+} Stlth
                     j - ring of resist corrosion
HPRegen 0.29/turn    o - ring of poison resistance
MPRegen 0.10/turn

%: faith
@: mighty, hasted, very quick
A: talons 1, agile 1, deterioration 1, frail 1
a: no special abilities


You were on level 5 of the Dungeon.
You visited 1 branch of the dungeon, and saw 5 of its levels.

You collected 220 gold pieces.

Inventory:

Hand Weapons
 a - a +1 war axe (weapon)
Armour
 b - a +0 scale mail (worn)
 c - a +0 buckler (worn)
Jewellery
 g - a ring of willpower
 j - a ring of resist corrosion (left hand)
 k - the amulet "Akhucw" (around neck) {Faith rC+}
   (You found it on level 2 of the Dungeon)

   [amulet of faith]

   Faith:     It allows you to gain divine favour quickly.
   rC+:       It protects you from cold.
 n - an amulet of the acrobat
 o - a ring of poison resistance (right hand)
Wands
 f - a wand of polymorph (12)
Scrolls
 e - 5 scrolls of identify
 m - a scroll of vulnerability
Potions
 h - a potion of haste
 l - a potion of lignification


   Skills:
 * Level 5.0 Fighting
 * Level 6.5 Axes
 * Level 5.4 Armour
 + Level 0.9 Dodging
 + Level 3.9 Shields


You had 6 spell levels left.
You didn't know any spells.
Your spell library contained the following spells:

 Spells                   Type           Power      Damage    Failure   Level
 Blink                    Tloc           0%         N/A       93%         2
 Call Imp                 Summ           0%         N/A       93%         2
 Cigotuvi's Dreadful Rot  Necr/Alch/Air  0%         N/A       93%         2
 Jinxbite                 Hex            0%         N/A       93%         2
 Lesser Beckoning         Tloc           0%         N/A       93%         2
 Momentum Strike          Conj/Tloc      0%         3d8       93%         2
 Sublimation of Blood     Necr           0%         N/A       93%         2
 Ignite Poison            Fire/Alch      0%         N/A       100%        4
 Freezing Cloud           Conj/Ice/Air   0%         6-21      100%        5
 Yara's Violent Unravell  Hex/Alch       0%         3d3       100%        5
 Enfeeble                 Hex            0%         N/A       100%        7
 Summon Hydra             Summ           0%         N/A       100%        7


Dungeon Overview and Level Annotations

Branches:
Dungeon (5/15)
 Temple: D:4-7

Altars:
Dithmenos
Qazlal
The Shining One

Annotations:
D:5 Sigmund


Innate Abilities, Weirdness & Mutations

You have sharp toenails.
You are agile. (Dex +4, Str/Int -1)
Your body sometimes deteriorates upon taking damage.
You are frail. (-10% HP)


Message History

A puff of flame appears from out of thin air!
The puff of flame misses you.
A puff of flame appears from out of thin air!
The puff of flame hits you.
Sigmund appears from thin air!
Reactivating autopickup.
Sigmund casts a spell at you.
You are confused.
You bump into the rock wall.
Sigmund casts a spell at you.
You are more confused.
The lemure hits you.
Sigmund points at you and mumbles some strange words.
The magic dart hits you.
You bump into the rock wall.
The lemure hits you but does no damage.
Sigmund zaps a wand.
The puff of flame misses you. The lemure barely misses you.
You feel yourself speed up. The lemure hits you.
You feel better.
Sigmund points at you and mumbles some strange words.
You resist with some effort.
Sigmund zaps a wand.
The puff of flame hits you. The lemure hits you!
You closely miss Sigmund. Your kick misses Sigmund. You barely miss the lemure.
Sigmund hits you with a +0 scythe.
* * * LOW HITPOINT WARNING * * *
Your body deteriorates!
You feel clumsy.
You closely miss Sigmund. You claw Sigmund, but do no damage.
You hit the lemure. The lemure hits you but does no damage.
You slash Sigmund! You claw Sigmund.
Sigmund is heavily wounded.
You barely miss the lemure. The lemure hits you but does no damage.
Sigmund hits you with a +0 scythe.
* * * LOW HITPOINT WARNING * * *
You feel very mighty all of a sudden. The lemure barely misses you.
You barely miss Sigmund.
Sigmund is heavily wounded.
You closely miss the lemure. Sigmund hits you with a +0 scythe!
You die...
Sigmund begins carving another notch in his scythe.

#.........#.....#...#.......
#.........+.....#...#.......
#.....<...#.....#...#.......
#....)†)..#.....#...#.......
#......)).#.....#...#.......
#.........#'##.###..#.......
#########....#.###..###'####
#.5..#..#.....#....#
#..@.#..#.....#....#
#..@.#..#....##..###
#....#..#....##..#
#.......###..##..#
#######.###..##..#
#........#..# #.......##..#
##+###).##'## ##'###..#


You could see a lemure and Sigmund.

Vanquished Creatures
  A phantom (D:4)
  2 scorpions
  A bombardier beetle (D:4)
  2 hounds (D:4)
  An orc priest (D:5)
  An iguana (D:5)
  4 adders
  A white imp (D:5)
  A dart slug (D:1)
  2 ribbon worms
  9 orcs
  4 endoplasms
  5 goblins
  6 hobgoblins
  2 quokkas
  7 ball pythons
  3 bats
  3 frilled lizards
  5 kobolds
  6 rats
66 creatures vanquished.

Notes
Turn   | Place    | Note
-------+----------+-------------------------------------------
     0 | D:1      | trashops the Hill Orc Fighter began the quest for the Orb.
     0 | D:1      | Reached XP level 1. HP: 19/19 MP: 1/1
   136 | D:1      | Reached XP level 2. HP: 25/27 MP: 2/2
   182 | D:1      | Found a faded altar of an unknown god.
   182 | D:1      | You fall into a shaft and drop 1 floor!
   243 | D:2      | Identified the amulet "Akhucw" {Faith rC+}
   275 | D:2      | Found a glowing golden altar of the Shining One.
   491 | D:2      | Reached skill level 3 in Axes
   799 | D:1      | Reached XP level 3. HP: 22/33 MP: 3/3
  1419 | D:3      | Gained mutation: You occasionally lose the ability to drink
                  | potions when taking damage. [potion of mutation]
  1419 | D:3      | Gained mutation: Your body sometimes deteriorates upon
                  | taking damage. [potion of mutation]
  1419 | D:3      | Gained mutation: You have sharp toenails. [potion of
                  | mutation]
  1419 | D:3      | Gained mutation: A frigid envelope surrounds you and
                  | freezes all who hurt you. [potion of mutation]
  1598 | D:3      | Lost mutation: You occasionally lose the ability to drink
                  | potions when taking damage. [potion of mutation]
  1598 | D:3      | Lost mutation: A frigid envelope surrounds you and freezes
                  | all who hurt you. [potion of mutation]
  1598 | D:3      | Gained mutation: You are frail. (-10% HP) [potion of
                  | mutation]
  1598 | D:3      | Gained mutation: You are agile. (Dex +4, Str/Int -1)
                  | [potion of mutation]
  1602 | D:3      | Found a shadowy altar of Dithmenos.
  1619 | D:3      | Reached XP level 4. HP: 35/36 MP: 4/4
  1626 | D:3      | Reached skill level 4 in Axes
  1961 | D:3      | Noticed a scorpion
  1971 | D:3      | Killed a scorpion
  1972 | D:3      | Reached XP level 5. HP: 33/41 MP: 5/5
  2432 | D:4      | Found a stormy altar of Qazlal.
  2495 | D:4      | Noticed a phantom
  2510 | D:4      | Killed a phantom
  2511 | D:4      | Reached skill level 5 in Axes
  2516 | D:4      | Reached XP level 6. HP: 12/47 MP: 6/6
  2682 | D:4      | Reached skill level 5 in Armour
  2796 | D:4      | Reached skill level 6 in Axes
  2988 | D:5      | Entered Level 5 of the Dungeon
  3132 | D:5      | Noticed Sigmund
  3156 | D:5      | Reached skill level 5 in Fighting
  3156 | D:5      | Reached XP level 7. HP: 40/54 MP: 7/7
  3180 | D:5      | Slain by Sigmund

Illustrated notes

Levels and vault maps discovered:
D:1:      spicycebolla_green_bress_n_ham, layout_basic,
          shapermc_ecumenical_altar_ellora, st_stairs_14
D:2:      layout_basic, basic_altar
D:3:      layout_basic, mainiacjoe_overflow_boulevard, grunt_decor_fettered,
          serial_bayou_ford_a
D:4:      layout_rooms, mainiacjoe_overflow_alcove_1
D:5:      layout_gridville, cheibrodos_ashenzari_chains, temple_pool_b,
          serial_shops, nicolae_shop_overgrown_old_shop, uniq_pikel,
          uniq_sigmund

Skill      XL: |  1  2  3  4  5  6 |
---------------+-------------------+-----
Fighting       | 4 5 |  5.0
Axes           | 3 4 5 6 |  6.5
Armour         | 4 5 |  5.4
Dodging        | |  0.9
Shields        | |  3.9

Action                     |  1- 3 |  4- 6 |  7- 9 || total
---------------------------+-------+-------+-------++-------
  Melee: War axe           |    89 |    93 |     6 ||   188
         Kick              |     1 |    23 |     3 ||    27
    Use: Scroll            |     6 |     3 |       ||     9
         Potion            |     3 |     2 |     3 ||     8
   Stab: Invisible         |       |     1 |       ||     1
 Armour: Scale mail        |    56 |    89 |    15 ||   160
         Skin              |     6 |       |       ||     6
  Dodge: Dodged            |    47 |    48 |     5 ||   100
  Block: Buckler           |    14 |    24 |       ||    38
